 Dungeon Crawl Stone Soup version 0.20.1-1-g8b1a95d (webtiles) character file.

7024 letownia2 the Reanimator (level 10, 0/85 HPs)
             Began as a Deep Dwarf Necromancer on Nov 30, 2017.
             Was an Initiate of Gozag.
             Slain by a howler monkey (5 damage)
             ... on level 10 of the Dungeon.
             The game lasted 00:33:45 (9438 turns).

letownia2 the Reanimator (Deep Dwarf Necromancer)   Turns: 9438, Time: 00:33:46

Health: 0/85       AC:  7    Str: 14    XL:     10   Next: 82%
Magic:  29/32      EV: 11    Int: 17    God:    Gozag
Gold:   852        SH:  0    Dex: 13    Spells: 23/27 levels left

rFire    . . .     SeeInvis .   a - +2 hand axe (venom)
rCold    + + .     Gourm    .   (no shield)
rNeg     . . .     Faith    .   k - +0 ring mail
rPois    .         Spirit   .   m - +0 helmet
rElec    .         Reflect  .   (no cloak)
rCorr    .         Harm     .   (no gloves)
MR       ++...                  P - +0 pair of boots
Stlth    +.........             (no amulet)
Regen    0.0/turn               T - ring "Vufrot" {rC++ MR+}
MPRegen  0.3/turn               z - ring of magical power

@: non-regenerating
A: damage resistance, heal wounds, sense surroundings 2, no regeneration
a: Heal Wounds, Potion Petition, Call Merchant, Bribe Branch, Renounce Religion


You were on level 10 of the Dungeon.
You worshipped Gozag.
Gozag was pleased with you.
You were very hungry.

You visited 2 branches of the dungeon, and saw 12 of its levels.

You collected 1631 gold pieces.
You paid 779 gold pieces to Gozag.

Inventory:

Hand Weapons
 a - a +2 hand axe of venom (weapon)
 b - a +2 war axe
 j - a +0 short sword
 t - a +2 falchion of slicing
 u - a +1 dagger of protection
 w - a +2 flail of draining
 K - a +0 war axe
Missiles
 x - 11 tomahawks (quivered)
Armour
 f - a +0 buckler
 k - a +0 ring mail (worn)
 m - a +0 helmet (worn)
 p - a +0 scale mail
 P - a +0 pair of boots (worn)
Jewellery
 q - an uncursed ring of protection from magic
 z - a ring of magical power (right hand)
 C - an uncursed ring of wizardry
 N - a +3 ring of intelligence
 T - the ring "Vufrot" (left hand) {rC++ MR+}
   (You found it on level 9 of the Dungeon)

   [ring of protection from magic]

   It greatly protects you from cold.
   It affects your resistance to hostile enchantments.
Wands
 r - a wand of confusion (15/48)
 H - a wand of enslavement (11/24)
 V - a wand of flame (18/48)
Scrolls
 d - 3 scrolls of recharging
 e - 5 scrolls of amnesia {unknown}
 g - 4 scrolls of teleportation
 h - 3 scrolls of remove curse
 i - 2 scrolls of identify
 y - a scroll of fear {unknown}
 A - a scroll of enchant armour {unknown}
 B - 2 scrolls of brand weapon {unknown}
 D - 3 scrolls of enchant weapon {unknown}
 E - 4 scrolls of immolation {unknown}
 I - a scroll of fog {unknown}
 O - a scroll of noise {unknown}
 R - a scroll of blinking {unknown}
 U - a scroll of summoning {unknown}
Potions
 c - a potion of ambrosia
 l - 2 potions of lignification
 n - 3 potions of heal wounds {unknown}
 s - 2 potions of mutation
 v - 2 potions of agility
 F - 3 potions of might {unknown}
 J - 2 potions of curing
 M - a potion of flight
Books
 G - a book of Necromancy

   Spells                             Type                      Level
   a - Pain                           Necromancy                   1
   b - Animate Skeleton               Necromancy                   1
   c - Vampiric Draining              Necromancy                   3
   d - Regeneration                   Charms/Necromancy            3
   e - Animate Dead                   Necromancy                   4
   f - Control Undead                 Necromancy                   4
 Q - a book of Maledictions

   Spells                             Type                      Level
   a - Corona                         Hexes                        1
   b - Ensorcelled Hibernation        Hexes/Ice                    2
   c - Confuse                        Hexes                        3
   d - Tukima's Dance                 Hexes                        3
   e - Dazzling Spray                 Conjuration/Hexes            3
Comestibles
 o - a fruit
 S - 12 royal jellies


   Skills:
 + Level 3.7 Fighting
 + Level 7.3 Axes
 - Level 2.6 Armour
 - Level 2.1 Dodging
 - Level 2.4 Stealth
 + Level 9.3 Spellcasting
 - Level 9.6 Necromancy
 - Level 6.7 Evocations


You had 23 spell levels left.
You knew the following spells:

 Your Spells              Type           Power        Failure   Level  Hunger
a - Pain                  Necr           ####         1%          1    None
v - Vampiric Draining     Necr           #####.....   1%          3    None


Dungeon Overview and Level Annotations

Branches:
Dungeon (11/15)            Temple (1/1) D:6             Orc (0/2) D:9
   Lair: D:8-11

Altars:
Gozag
Sif Muna
Uskayaw
Zin

Shops:
D:8 [

Annotations:
D:8 4 runed doors, Erica
D:9 1 exclusion
D:10 Josephine


Innate Abilities, Weirdness & Mutations

You are resistant to damage.
You can heal yourself by infusing magical energy.
You passively map the area around you.
You do not regenerate.


Message History

Unknown command.
Unknown command.
You see here a leather armour.
A howler monkey comes into view.
The howler monkey howls!
A howler monkey comes into view.
The howler monkey howls!
The howler monkey hoots and howls with incredible vigour!
A howler monkey comes into view.
The howler monkey howls!
Unknown command.
Casting: Vampiric Draining
Confirm with . or Enter, or press ? or * to list all spells.
Aiming: Vampiric Draining
Press: ? - help, Shift-Dir - straight line, f - howler monkey
Aim: a howler monkey (catching its breath)
The howler monkey is heavily wounded.
You feel life coursing into your body. The howler monkey hits you!
You die...
Your body crumbles into a pile of gold.

.##.#.......##.# ####.....#.♣..P♣
###.#####.#..#.###....####.♣..≈≈♣
###.# #..#.#.....##.##.♣..P≈♣≈≈
..#o#####......#####.........≈≈≈≈
#.#...#...##...##....#.##.P.≈≈≈♣≈
#.......#####..##.####.###...♣.≈≈
................[...>..........P.
.......=######....######.####.#.#
#.......# #..@h## #.# #...#
#......## #..#.h### #.# ##..#
#.......######..##...###.# #..#
#......>#.......####..##.# #..#
#.......#.......#####h.#.# ##..#
##.....##...>......###.#.# #....
##...###......##### #...# #....
##### ######.# ###.####.... #.#
#...........


You could see 3 howler monkeys.

Vanquished Creatures
  Snorg (D:10)
  2 two-headed ogres
  A troll (D:11)
  A hippogriff (D:7)
  Sigmund (D:6)
  A water moccasin (D:7)
  4 orc warriors
  A sky beast (D:9)
  A slave (D:9)
  An ice beast (D:9)
  A phantom (D:9)
  A black bear (D:5)
  2 ogres
  6 centaurs
  A crocodile (D:10)
  4 bullfrogs
  8 killer bees
  6 scorpions
  4 wights
  5 howler monkeys
  3 electric eels (D:10)
  3 crimson imps
  2 bullfrog zombies
  A quasit (D:8)
  6 orc priests
  A bullfrog skeleton (D:7)
  4 hounds
  6 jellies
  7 orc wizards
  4 iguanas
  7 worker ants
  A hound zombie (D:8)
  2 hound skeletons
  A howler monkey zombie (D:5)
  2 worker ant zombies (D:9)
  8 gnolls
  2 howler monkey skeletons (D:9)
  9 adders
  6 oozes
  An adder skeleton (D:4)
  An adder zombie (D:6)
  2 dart slugs
  5 leopard geckos
  45 orcs
  5 bats
  4 giant cockroaches
  3 hobgoblins
  8 jackals
  7 kobolds
  4 quokkas
  A ball python (D:6)
  2 frilled lizards
  A goblin (D:2)
  A leopard gecko skeleton (D:4)
  6 rats
223 creatures vanquished.

Vanquished Creatures (others)
  An orc wizard (D:10)
1 creature vanquished.

Grand Total: 224 creatures vanquished

Notes
Turn   | Place    | Note
-------+----------+-------------------------------------------
     0 | D:1      | letownia2 the Deep Dwarf Necromancer began the quest for the Orb.
     0 | D:1      | Reached XP level 1. HP: 15/15 MP: 3/3
   405 | D:4      | Reached XP level 2. HP: 17/22 MP: 0/5
   563 | D:2      | Reached skill level 5 in Necromancy
   563 | D:2      | Reached XP level 3. HP: 13/28 MP: 0/6
   568 | D:2      | Learned a level 3 spell: Vampiric Draining
  1027 | D:4      | Reached XP level 4. HP: 30/36 MP: 1/7
  1095 | D:4      | Noticed a phantom
  1378 | D:4      | Reached XP level 5. HP: 28/42 MP: 1/8
  1603 | D:4      | Noticed a phantom
  1701 | D:5      | Entered Level 5 of the Dungeon
  1770 | D:5      | Reached skill level 1 in Fighting
  1876 | D:5      | Noticed a phantom
  2065 | D:5      | Reached XP level 6. HP: 33/52 MP: 3/10
  2438 | D:5      | Reached skill level 1 in Axes
  2568 | D:5      | Reached XP level 7. HP: 41/58 MP: 7/12
  3155 | D:6      | Noticed Sigmund
  3169 | D:6      | Killed Sigmund
  3380 | D:6      | Found a staircase to the Ecumenical Temple.
  3390 | Temple   | Entered the Ecumenical Temple
  3401 | Temple   | Became a worshipper of Gozag Ym Sagoz the Greedy
  3871 | D:6      | Reached XP level 8. HP: 35/66 MP: 0/14
  5532 | D:6      | Reached skill level 5 in Axes
  5572 | D:6      | Got a slimy robe
  5760 | D:7      | Noticed a hippogriff
  5773 | D:7      | Killed a hippogriff
  5773 | D:7      | Reached skill level 5 in Spellcasting
  5793 | D:7      | Identified the +1 robe "Qanlathra" {Str+5} (You found it on level 6 of the Dungeon)
  5880 | D:7      | Reached skill level 1 in Evocations
  6509 | D:8      | Gained mutation: You passively map the area around you. [Deep Dwarf growth]
  6509 | D:8      | Reached XP level 9. HP: 65/73 MP: 18/18
  6790 | D:8      | Noticed Erica
  7188 | D:8      | Found a huge runed gate.
  7188 | D:8      | Found a huge runed gate.
  7188 | D:8      | Found a huge runed gate.
  7188 | D:8      | Found a huge runed gate.
  7188 | D:8      | Noticed a polar bear
  7188 | D:8      | Noticed a polar bear
  7188 | D:8      | Noticed a polar bear
  7189 | D:8      | Noticed a polar bear
  7189 | D:8      | Noticed a polar bear
  7539 | D:9      | Noticed a two-headed ogre
  7557 | D:9      | Killed a two-headed ogre
  7846 | D:9      | Found a staircase to the Orcish Mines.
  7910 | D:9      | Reached XP level 10. HP: 54/80 MP: 11/23
  8053 | D:9      | Got a transparent iron ring
  8101 | D:9      | Reached skill level 1 in Armour
  8163 | D:9      | Identified the ring "Vufrot" {rC++ MR+} (You found it on level 9 of the Dungeon)
  8176 | D:10     | Entered Level 10 of the Dungeon
  8182 | D:10     | Noticed Josephine
  8225 | D:10     | Noticed Snorg
  8255 | D:10     | Killed Snorg
  8255 | D:10     | Reached skill level 5 in Evocations
  8559 | D:10     | Noticed a two-headed ogre
  8583 | D:10     | Killed a two-headed ogre
  9392 | D:11     | HP: 1/85 [acid (8)]
  9438 | D:10     | Slain by a howler monkey

Skill      XL: |  1  2  3  4  5  6  7  8  9 10 |
---------------+-------------------------------+-----
Spellcasting   | 2 3 4 6 9 |  9.3
Necromancy     | 5 6 7 8 9 |  9.6
Fighting       | 1 2 3 |  3.7
Axes           | 1 4 5 7 |  7.3
Evocations     | 4 6 |  6.7
Armour         | 2 |  2.6
Dodging        | |  2.1
Stealth        | |  2.4

Action                   |  1- 3 |  4- 6 |  7- 9 | 10-12 || total
-------------------------+-------+-------+-------+-------++-------
Melee: Unarmed           |     2 |       |       |       ||     2
       Flail             |       |    51 |       |       ||    51
       Hand axe          |       |     9 |   236 |    97 ||   342
       War axe           |       |       |       |     3 ||     3
Throw: Tomahawk          |       |       |     7 |       ||     7
 Cast: Pain              |    39 |    26 |    49 |       ||   114
       Vampiric Draining |     4 |    23 |    95 |    87 ||   209
Invok: Call Merchant     |       |       |     1 |       ||     1
Evoke: Wand              |       |       |    14 |    19 ||    33
  Use: Scroll            |       |     2 |     5 |     7 ||    14
 Stab: Sleeping          |       |     1 |     2 |       ||     3
       Distracted        |       |       |     3 |       ||     3
       Confused          |       |       |    11 |     3 ||    14
  Eat: Chunk             |     1 |     8 |     4 |     3 ||    16
       Bread ration      |       |       |     3 |       ||     3
       Royal jelly       |       |       |     2 |       ||     2
Armor: Robe              |     1 |       |       |       ||     1
       Ring mail         |       |    31 |   129 |    66 ||   226
Dodge: Dodged            |    12 |    74 |   224 |   118 ||   428
